 Dungeon Crawl Stone Soup version 0.24.0-13-gcf9b3192b9 (webtiles) character file.

Game seed: 2969233903682917704, levelgen mode: deterministic

189 Katsumi the Changer (level 5, -2/22 HPs)
             Began as a Felid Transmuter on Nov 9, 2019.
             Was an Initiate of Gozag.
             Slain by a slave (4 damage)
             ... led by Pikel
             ... on level 5 of the Dungeon.
             The game lasted 00:06:28 (4653 turns).

Katsumi the Changer (Felid Transmuter)              Turns: 4653, Time: 00:06:28

Health: -2/22      AC:  2    Str:  6    XL:     5   Next: 40%
Magic:  9/9        EV: 33    Int: 18    God:    Gozag
Gold:   352        SH:  0    Dex: 17    Spells: 0/8 levels left
                                        Lives:  0   Deaths: 1

rFire    + . .     SeeInvis +     - Unarmed
rCold    . . .     Gourm    .   (shield unavailable)
rNeg     . . .     Faith    .   (armour unavailable)
rPois    .         Spirit   .   (helmet unavailable)
rElec    .         Reflect  .   (cloak unavailable)
rCorr    .         Harm     .   (gloves unavailable)
MR       .....                  (boots unavailable)
Stlth    ++........             o - amulet of the acrobat
HPRegen  0.07/turn              m - ring of protection from fire
MPRegen  0.11/turn              f - +2 ring of intelligence

@: acrobat, quick
A: very small, no armour, no weapons or thrown items, stealth, claws 1, fangs 3,
see invisible, carnivore, speed 1, shaggy fur 2, slow metabolism 1, sharp paws
a: Potion Petition, Call Merchant, Bribe Branch, Renounce Religion


You were on level 5 of the Dungeon.
You worshipped Gozag.
Gozag was aware of your devotion.
You were not hungry.

You visited 2 branches of the dungeon, and saw 6 of its levels.

You collected 394 gold pieces.
You paid 42 gold pieces to Gozag.

Inventory:

Missiles
 a - 48 arrows
Jewellery
 f - a +2 ring of intelligence (right paw)
 m - a ring of protection from fire (left paw)
 n - an uncursed ring of flight
 o - an amulet of the acrobat (around neck)
Scrolls
 d - a scroll of noise
 e - 2 scrolls of remove curse
 g - a scroll of random uselessness {unknown}
 h - a scroll of enchant weapon
 k - a scroll of fear
 l - a scroll of fog
Potions
 b - 3 potions of curing
 i - a potion of agility
 j - a potion of mutation
 p - a potion of haste {unknown}
 q - a potion of ambrosia
Comestibles
 c - 6 rations


   Skills:
 - Level 1.0 Fighting
 - Level 2.6 Dodging
 - Level 3.0 Unarmed Combat
 + Level 2.3 Spellcasting
 * Level 7.4 Transmutations


You couldn't memorise any spells.
You knew the following spells:

 Your Spells              Type           Power        Failure   Level  Hunger
a - Beastly Appendage     Tmut           ####..       1%          1    #......
b - Sticks to Snakes      Tmut           ####....     1%          2    ##.....
c - Blade Hands           Tmut           ####......   22%         5    ######.

Your spell library contained the following spells:

 Spells                   Type           Power        Failure   Level  Hunger
 Spider Form              Tmut/Pois      ###.......   12%         3    ###....
 Ice Form                 Ice/Tmut       ###.....     36%         4    #####..


Dungeon Overview and Level Annotations

Branches:
Dungeon (5/15)             Temple (1/1) D:4

Altars:
Dithmenos
Elyvilon
Fedhas
Gozag
Hepliaklqana
Okawaru
Uskayaw
Vehumet
Wu Jian
Xom
The Shining One

Shops:
D:5 =

Annotations:
D:5 Pikel, Sigmund


Innate Abilities, Weirdness & Mutations

You cannot wear armour.
You are incapable of wielding weapons or throwing items.
Your paws allow you to move quietly. (Stealth)
You have sharp claws.
You have razor-sharp teeth.
You have supernaturally acute eyesight. (SInv)
You are carnivorous and can eat meat at any time.
You cover ground quickly.
You are covered in thick fur. (AC +2)
You have a slow metabolism.
Your sharp claws are effective at attacking unaware monsters.


Message History

The slave misses you. The orc completely misses you.
The gnoll completely misses you. x2; The crimson imp blinks!
The orc misses you.
The frilled lizard completely misses you.
The slave completely misses you. The orc hits you with a +0 hand axe.
* * * LOW HITPOINT WARNING * * *
The gnoll misses you. Pikel barely misses you. The gnoll completely misses you.
The orc misses you.
The frilled lizard completely misses you.
The slave completely misses you. The orc misses you.
Pikel completely misses you. The gnoll completely misses you.
The orc misses you.
The frilled lizard completely misses you.
The gnoll misses you. The slave completely misses you.
The orc completely misses you. The slave closely misses you.
Pikel completely misses you. The orc completely misses you.
The frilled lizard closely misses you. The gnoll misses you.
The slave misses you. The slave hits you.
You die...
Your body crumbles into a pile of gold.

#....# .## #....##..
#..)....####
#........... #........#
#......# #....gg### .##
#....oop.###.. .......
#.#...@p.....# ....... #
#..plK..#.## ...$...
#...5.....### .......
.............# .......
........p....#. .......
..##...###<..####.......
....#####..#.#..........
#...##.##.....p.......#
#...............$......


You could see Pikel, 4 slaves, 2 gnolls, a crimson imp, 2 orcs and a frilled
lizard.

Vanquished Creatures
  Blork the orc (D:4)
  A centaur skeleton (D:5)
  2 orc wizards (D:4)
  A worker ant (D:4)
  A gnoll (D:5)
  5 adders
  An ooze (D:2)
  2 dart slugs (D:1)
  A worm (D:2)
  3 leopard geckos
  5 orcs
  2 ball pythons
  10 bats
  5 giant cockroaches
  4 goblins (D:1)
  9 hobgoblins
  10 jackals
  3 quokkas
  5 frilled lizards
  A jackal skeleton (D:4)
  6 kobolds
  4 rats
82 creatures vanquished.

Vanquished Creatures (collateral kills)
  An ogre (D:4)
  An adder (D:4)
  A gnoll (D:1)
  An orc (D:4)
  A rat (D:1)
5 creatures vanquished.

Grand Total: 87 creatures vanquished

Notes
Turn   | Place    | Note
-------+----------+-------------------------------------------
     0 | D:1      | Katsumi the Felid Transmuter began the quest for the Orb.
     0 | D:1      | Reached XP level 1. HP: 9/9 MP: 4/4
   212 | D:1      | Reached skill level 3 in Transmutations
   212 | D:1      | Reached XP level 2. HP: 12/12 MP: 4/6
   216 | D:1      | Learned a level 2 spell: Sticks to Snakes
   757 | D:2      | Reached XP level 3. HP: 15/15 MP: 5/7
   763 | D:2      | Reached skill level 4 in Transmutations
  1292 | D:3      | Reached XP level 4. HP: 16/19 MP: 4/8
  1454 | D:3      | Reached skill level 5 in Transmutations
  1612 | D:3      | Found a glowing golden altar of the Shining One.
  2009 | D:4      | Found a staircase to the Ecumenical Temple.
  2023 | Temple   | Entered the Ecumenical Temple
  2243 | Temple   | Became a worshipper of Gozag Ym Sagoz the Greedy
  3179 | D:4      | Reached XP level 5. HP: 10/22 MP: 9/9
  3196 | D:4      | Learned a level 5 spell: Blade Hands
  3274 | D:4      | Noticed an ogre
  3353 | D:4      | Killed an ogre
  3353 | D:4      | Reached skill level 6 in Transmutations
  3486 | D:4      | Noticed Blork the orc
  3493 | D:4      | Killed Blork the orc
  3493 | D:4      | Reached skill level 7 in Transmutations
  3493 | D:4      | Gained mutation: You are covered in thick fur. (AC +2)
                  | [Felid growth]
  3493 | D:4      | Reached XP level 6. HP: 20/25 MP: 3/10
  3605 | D:4      | Found a shimmering altar of Xom.
  3900 | D:4      | Found a glowing golden altar of the Shining One.
  4070 | D:5      | Entered Level 5 of the Dungeon
  4070 | D:5      | Found Mioh Voi's Jewellery Shop.
  4309 | D:5      | Noticed Sigmund
  4529 | D:5      | Noticed a slave
  4606 | D:5      | Mangled by a gnoll
  4607 | D:5      | Reached XP level 5. HP: -11/22 MP: 5/9
  4611 | D:5      | Noticed a slave
  4635 | D:5      | Noticed Pikel
  4639 | D:5      | Noticed a slave
  4643 | D:5      | Noticed a slave
  4653 | D:5      | Slain by a slave

Levels and vault maps discovered:
D:1:      co_arrival_square_in_a_square_in_a_square, layout_basic
D:2:      layout_rooms, minmay_tree_intersection, kennysheep_crisscross
D:3:      minmay_spotlight, layout_loops_corners, lemuel_crystal_altar,
          first_ration
D:4:      minmay_evil_eye, layout_loops_ring, nicolae_overflow_crystal_walls,
          minmay_temple_entry_waves, lemuel_tele_altar, uniq_blork_the_orc
D:5:      layout_cave_pools, cheibrodos_ashenzari_chains,
          nicolae_overflow_hidden_temple, serial_shops, shop, uniq_pikel,
          uniq_prince_ribbit1, uniq_sigmund
Temple:   compressed_dpeg_triangle_lava_temple

Skill      XL: |  1  2  3  4  5 |
---------------+----------------+-----
Transmutations | 3 4 5 7 |  7.4
Fighting       | |  1.0
Dodging        | |  2.6
Unarmed Combat | |  3.0
Spellcasting   | |  2.3

Action                   |  1- 3 |  4- 6 || total
-------------------------+-------+-------++-------
Melee: Unarmed           |   114 |   142 ||   256
       Headbutt          |    20 |    21 ||    41
       Bite              |     4 |    11 ||    15
       Punch             |     1 |     3 ||     4
 Cast: Beastly Appendage |    29 |    32 ||    61
       Sticks to Snakes  |     2 |    10 ||    12
       Blade Hands       |       |     2 ||     2
  Use: Scroll            |       |     8 ||     8
       Potion            |       |     1 ||     1
 Stab: Sleeping          |     4 |     3 ||     7
       Distracted        |       |     1 ||     1
  Eat: Chunk             |     6 |       ||     6
       Ration            |       |     1 ||     1
Armor: Skin              |     5 |     5 ||    10
Dodge: Dodged            |   101 |   276 ||   377
